 Dungeon Crawl Stone Soup version 0.29.0-4-gdea44cf6ec (webtiles) character file.

Game seed: 14697121235146468912

9 qw the Sneak (level 2, 0/19 HPs)
             Began as a Gargoyle Delver on Sept 10, 2022.
             Slain by a hound (1 damage)
             ... on level 5 of the Dungeon.
             The game lasted 00:00:03 (352 turns).

qw the Sneak (Gargoyle Delver)                       Turns: 352, Time: 00:00:03

Health: 0/19       AC:  5    Str: 15    XL:     2   Next: 12%
Magic:  2/2        EV: 11    Int: 10    God:
Gold:   15         SH:  0    Dex: 11    Spells: 1/1 levels left

rFire   . . .      SeeInvis .   a - +0 hand axe
rCold   . . .      Faith    .   (no shield)
rNeg    + . .      Spirit   .   b - +0 leather armour
rPois   inf        Reflect  .   (no helmet)
rElec   +          Harm     .   (no cloak)
rCorr   .          Rampage  .   (no gloves)
Will    .....                   (no boots)
Stlth   +++.......              (no amulet)
HPRegen 0.06/turn               (no ring)
MPRegen 0.08/turn               (no ring)

@: no status effects
A: sickness immunity, AC +2, negative energy resistance 1, electricity
resistance, torment resistance 1, petrification resistance
a: no special abilities


You were on level 5 of the Dungeon.
You visited 1 branch of the dungeon, and saw 1 of its levels.

You collected 15 gold pieces.


Innate Abilities, Weirdness & Mutations

You are immune to sickness and miasma.
Your stone body is resilient. (AC +2)
You are immune to poison.
You resist negative energy. (rN+)
You are resistant to electric shocks. (rElec)
You are resistant to unholy torment.
You are immune to petrification.


   Skills:
 - Level 3.2 Fighting
 + Level 2.5 Axes
 - Level 1.5 Dodging
 - Level 5.4 Stealth


You had one spell level left.
You didn't know any spells.
Your spell library was empty.

Inventory:

Hand Weapons
 a - a +0 hand axe (weapon)
Missiles
 h - 6 javelins (quivered)
Armour
 b - a +0 leather armour (worn)
Jewellery
 i - a +6 ring of strength
Wands
 g - a wand of digging (3)
Scrolls
 c - a scroll of fog
 d - a scroll of magic mapping
 e - a scroll of fear
Potions
 f - a potion of haste

Dungeon Overview and Level Annotations

Branches:
Dungeon (5/15)
 Temple: D:4-7

Altars:
Dithmenos


Message History

You start resting.
HP restored.
There is an open door here.
h - 5 javelins (gained 2)
h - 6 javelins (gained 1)
You open the door.
There is an open door here.
You open the door.
There is an open door here.
You see here the +10 zealot's sword {holy, *Rage rN+ EV+3}.
You open the door.
There is an open door here.
A hound and a white imp come into view.
The white imp shouts, "Begone, thou jarring hasty-witted apple-john!"
The hound barks!
Found a club.
The white imp hits you but does no damage.
You hit the white imp.
The white imp is lightly wounded.
The white imp barely misses you.
You hit the white imp but do no damage.
The white imp is lightly wounded.
The hound bites you but does no damage. The white imp hits you.
The white imp freezes you.
You hit the hound.
The hound is lightly wounded.
You hit the white imp. The hound closely misses you.
The white imp grinds its teeth.
The white imp hits you. The white imp freezes you.
The hound closely misses you.
You hit the white imp.
The white imp is heavily wounded.
You barely miss the hound. The hound closely misses you.
The white imp hits you. The white imp freezes you. The hound bites you.
You barely miss the white imp.
The white imp is heavily wounded.
You closely miss the hound. The white imp closely misses you.
The hound bites you.
You die...

...........# #.# ...(.......#
#.#..)....# ...........#
#.#.......# ##'#.%.....#
#.#.......+
#.##....#.###.#.......#
#..'....+.....#.......#
#####....#.#####.......# ####.
....'....+.....#h5...... .....
#####....#.###.#@###### #...#
#####....#.# #.#......# ...
...##....#.# #.######'#####.#
...#.......# #.# #.......#..#+##
...#.......###.###...¤¤..#.....#
...#............##...¤.........#
...#####.........).....¤..#......
...# #.............._...#######
...#####.........#........######


You could see a hound and a white imp.

Vanquished Creatures
  An ufetubus (D:5)
  A worm (D:5)
2 creatures vanquished.

Notes
Turn   | Place    | Note
-------+----------+-------------------------------------------
     0 | D:5      | Found the +10 zealot's sword {holy, *Rage rN+ EV+3}
     0 | D:5      | qw the Gargoyle Delver began the quest for the Orb.
     0 | D:5      | Reached XP level 1. HP: 14/14 MP: 1/1
     0 | D:5      | 0 ||| qw: Version: 0.1-a-116-g5d60599
     0 | D:5      | 0 ||| qw: Game counter: 9375
     0 | D:5      | 0 ||| qw: Always use a shield: true
     0 | D:5      | 0 ||| qw: God list: Okawaru
     0 | D:5      | 0 ||| qw: Allow faded altars: false
     0 | D:5      | 0 ||| qw: Do Orc after D:15 true
     0 | D:5      | 0 ||| qw: Do second Lair branch before Depths: true
     0 | D:5      | 0 ||| qw: Lair rune preference: random
     0 | D:5      | 0 ||| qw: Plans: Normal
     0 | D:5      | 0 ||| PLANNING D:1-11
   105 | D:5      | Reached XP level 2. HP: 10/19 MP: 2/2
   351 | D:5      | HP: 1/19 [hound (4)]
   352 | D:5      | Slain by a hound

Levels and vault maps discovered:
D:5:      layout_basic, cheibrodos_ashenzari_chains, grunt_dithmenos_smoke,
          serial_demonic, serial_demonic_a, serial_demonic_e, serial_demonic_d,
          serial_demonic_d

Skill      XL: |  1 |
---------------+----+-----
Axes           | 2 |  2.5
Fighting       | |  3.2
Dodging        | |  1.5
Stealth        | |  5.4

Action                   || total
-------------------------++-------
Melee: Hand axe          ||    13
       Punch             ||     1
Throw: Javelin           ||     7
Armor: Leather armour    ||     5
Dodge: Dodged            ||    24

Table legend:
 A = Non-vault XP
 B = Vault XP
 C = Vault XP percentage of total XP
 D = Non-vault monster count
 E = Vault monster count
 F = Vault count percentage of total count
                 A         B        C        D         E       F
            +---------+---------+-------+---------+---------+-------
      Total |       5 |       8 |  61.5 |       1 |       1 |  50.0
            +---------+---------+-------+---------+---------+-------
        D:5 |       5 |       8 |  61.5 |       1 |       1 |  50.0
            +---------+---------+-------+---------+---------+-------
